SAA
SPRINGFIELD SHOOTERS @ YAKIMA HOPS
07/11/2024
 
TOP OF THE 1ST
Springfield Shooters batting - Pitching for Yakima Hops : RHP Curt Tate
Pitching: RHP Curt Tate
Batting: RHB David Abreu 0-0: Ball
1-0: Ball
2-0: Ball
3-0: Called Strike
3-1: Fly out, F6 (Popup, 56D)
Batting: LHB Chris Etheridge 0-0: Ball
1-0: Foul Ball, location: 2F
1-1: Ball
2-1: SINGLE (Groundball, 6MD)
Batting: RHB Roy Herring 0-0: Ball
1-0: Swinging Strike
1-1: Foul Ball, location: 2F
1-2: Fly out, F6 (Popup, 6D)
Batting: SHB Jared Jefferson 0-0: Ball
Chris Etheridge is caught stealing 2nd base
Top of the 1st over - 0 run(s), 1 hit(s), 0 error(s), 0 left on base; Springfield 0 - Yakima 0
BOTTOM OF THE 1ST
Yakima Hops batting - Pitching for Springfield Shooters : RHP Jim Unknown
Pitching: RHP Jim Unknown
Batting: RHB Mariano Sánchez 0-0: Ball
1-0: Foul Ball, location: 2F
1-1: Fly out, F9 (Flyball, 9S)
Batting: RHB Júlio Molina 0-0: Ball
1-0: SINGLE (Line Drive, 6MD)
Batting: RHB José Vargas 0-0: Called Strike
0-1: Ball
1-1: SINGLE (Flyball, 8RM)
Júlio Molina to second
Runner from 2nd tries for 3rd, OUT!
Batting: SHB Albert Sánchez 0-0: Ball
1-0: Fly out, F2 (Popup, 2R)
Bottom of the 1st over - 0 run(s), 2 hit(s), 0 error(s), 1 left on base; Springfield 0 - Yakima 0
TOP OF THE 2ND
Springfield Shooters batting - Pitching for Yakima Hops : RHP Curt Tate
Batting: SHB Jared Jefferson 0-0: Ball
1-0: Fly out, F4 (Popup, 8RS)
Batting: RHB Tripp Donahue 0-0: DOUBLE (Flyball, 78XD)
Batting: SHB Eddie Ménard 0-0: Ball
1-0: Called Strike
1-1: Foul Ball, location: 2F
1-2: Foul Ball, location: 2F
1-2: Ground out 6-3 (Groundball, 6)
Batting: RHB Frank Crocker 0-0: Foul Ball, location: 2F
0-1: Ball
1-1: Foul Ball, location: 2F
1-2: Ground out 6-3 (Groundball, 6)
Top of the 2nd over - 0 run(s), 1 hit(s), 0 error(s), 1 left on base; Springfield 0 - Yakima 0
BOTTOM OF THE 2ND
Yakima Hops batting - Pitching for Springfield Shooters : RHP Jim Unknown
Batting: RHB Abraham Jacobs 0-0: Ball
1-0: Ground out 5-3 (Groundball, 56)
Batting: RHB Ricardo Téllez 0-0: Ground out 5-3 (Groundball, 5L)
Batting: LHB Bryce Reilly 0-0: Ball
1-0: Ball
2-0: Called Strike
2-1: Ground out 4-3 (Groundball, 4)
Bottom of the 2nd over - 0 run(s), 0 hit(s), 0 error(s), 0 left on base; Springfield 0 - Yakima 0
TOP OF THE 3RD
Springfield Shooters batting - Pitching for Yakima Hops : RHP Curt Tate
Batting: RHB Luis Mendoza 0-0: SINGLE (Line Drive, 56)
Batting: RHB Javier De Jesús 0-0: Foul Ball, location: 2F
0-1: Foul Ball, location: 2F
0-2: Fly out, F9 (Flyball, 9M)
Batting: RHB David Abreu 0-0: Ball
Luis Mendoza steals 2nd base
1-0: Ball
2-0: Ground out 4-3 (Groundball, 4)
Luis Mendoza to third
Batting: LHB Chris Etheridge 0-0: SINGLE (Line Drive, 7S)
Luis Mendoza scores
Batting: RHB Roy Herring 0-0: Ground out 4-3 (Groundball, 4S)
Top of the 3rd over - 1 run(s), 2 hit(s), 0 error(s), 1 left on base; Springfield 1 - Yakima 0
BOTTOM OF THE 3RD
Yakima Hops batting - Pitching for Springfield Shooters : RHP Jim Unknown
Batting: RHB Edgar García 0-0: Ground out 6-3 (Groundball, 6)
Batting: RHB Vicente Rodríguez 0-0: Ball
1-0: Ball
2-0: Called Strike
2-1: Foul Ball, location: 2F
2-2: Strikes out swinging
Batting: RHB Mariano Sánchez 0-0: Ball
1-0: Called Strike
1-1: Called Strike
1-2: Ball
2-2: Ball
3-2: Foul Ball, location: 2F
3-2: SINGLE (Line Drive, 56D)
Batting: RHB Júlio Molina 0-0: Called Strike
0-1: Fly out, F8 (Flyball, 8RS)
Bottom of the 3rd over - 0 run(s), 1 hit(s), 0 error(s), 1 left on base; Springfield 1 - Yakima 0
TOP OF THE 4TH
Springfield Shooters batting - Pitching for Yakima Hops : RHP Curt Tate
Batting: SHB Jared Jefferson 0-0: Ball
1-0: Ball
2-0: Foul Ball, location: 2F
2-1: Ground out 4-3 (Groundball, 4)
Batting: RHB Tripp Donahue 0-0: Ball
1-0: Swinging Strike
1-1: Foul Ball, location: 2F
1-2: Ground out 5-3 (Groundball, 56)
Batting: SHB Eddie Ménard 0-0: Called Strike
0-1: Ball
1-1: Called Strike
1-2: Ball
2-2: Ball
3-2: Base on Balls
Batting: RHB Frank Crocker 0-0: Called Strike
Balk!
Eddie Ménard to second
0-1: Ball
1-1: Called Strike
1-2: Ball
2-2: Ground out 5-3 (Groundball, 56S)
Top of the 4th over - 0 run(s), 0 hit(s), 0 error(s), 1 left on base; Springfield 1 - Yakima 0
BOTTOM OF THE 4TH
Yakima Hops batting - Pitching for Springfield Shooters : RHP Jim Unknown
Batting: RHB José Vargas 0-0: Called Strike
0-1: Foul Ball, location: 2F
0-2: Ball
1-2: Ground out 6-3 (Groundball, 6)
Batting: SHB Albert Sánchez 0-0: Called Strike
0-1: Foul Ball, location: 2F
0-2: Ball
1-2: Ball
2-2: Foul Ball, location: 2F
2-2: Ball
3-2: Fly out, F4 (Popup, 34D)
Batting: RHB Abraham Jacobs 0-0: Called Strike
0-1: Swinging Strike
0-2: Strikes out swinging
Bottom of the 4th over - 0 run(s), 0 hit(s), 0 error(s), 0 left on base; Springfield 1 - Yakima 0
TOP OF THE 5TH
Springfield Shooters batting - Pitching for Yakima Hops : RHP Curt Tate
Batting: RHB Luis Mendoza 0-0: Ball
1-0: Ball
2-0: Ball
3-0: Called Strike
3-1: Called Strike
3-2: Base on Balls
Batting: RHB Javier De Jesús 0-0: Sac Bunt - play at first, batter OUT! 2-3
Luis Mendoza to second
Batting: RHB David Abreu 0-0: Ball
1-0: Ball
2-0: Swinging Strike
2-1: Swinging Strike
2-2: Strikes out looking
Batting: LHB Chris Etheridge 0-0: Ball
1-0: Foul Ball, location: 2F
1-1: Fly out, F8 (Flyball, 8LS)
Top of the 5th over - 0 run(s), 0 hit(s), 0 error(s), 1 left on base; Springfield 1 - Yakima 0
BOTTOM OF THE 5TH
Yakima Hops batting - Pitching for Springfield Shooters : RHP Jim Unknown
Batting: RHB Ricardo Téllez 0-0: Called Strike
0-1: SOLO HOME RUN (Flyball, 7LD), Distance : 359 ft
Batting: LHB Bryce Reilly 0-0: Ball
1-0: Ball
2-0: Ball
3-0: Called Strike
3-1: Foul Ball, location: 2F
3-2: Base on Balls
Batting: RHB Edgar García 0-0: Ball
1-0: Sac Bunt - play at first, batter OUT! 1-4
Bryce Reilly to second
Batting: RHB Vicente Rodríguez 0-0: Ball
1-0: SINGLE (Groundball, 4MD)
Bryce Reilly to third
Runner from 3rd tries for Home, SAFE, no throw or cutoff
Batting: RHB Mariano Sánchez 0-0: Foul Ball, location: 2F
0-1: Ball
1-1: Ball
2-1: Swinging Strike
2-2: Foul Ball, location: 2F
2-2: Hit by Pitch
Vicente Rodríguez to second
Batting: RHB Júlio Molina 0-0: Called Strike
0-1: Called Strike
0-2: Foul Ball, location: 2F
0-2: Foul Ball, location: 2F
0-2: Foul Ball, location: 2F
0-2: Fly out, F7 (Flyball, 78M)
Batting: RHB José Vargas 0-0: SINGLE (Flyball, 34)
Vicente Rodríguez to third
Mariano Sánchez to second
Runner from 3rd tries for Home, SAFE, no throw or cutoff
Batting: SHB Albert Sánchez 0-0: Ball
1-0: Called Strike
1-1: Called Strike
1-2: DOUBLE (Line Drive, 89S)
Mariano Sánchez scores
José Vargas to third
Runner from 3rd tries for Home, SAFE, no throw or cutoff
Batting: RHB Abraham Jacobs 0-0: Swinging Strike
0-1: Ground out 6-3 (Groundball, 6M)
Bottom of the 5th over - 5 run(s), 4 hit(s), 0 error(s), 1 left on base; Springfield 1 - Yakima 5
TOP OF THE 6TH
Springfield Shooters batting - Pitching for Yakima Hops : RHP Curt Tate
Batting: RHB Roy Herring 0-0: Ball
1-0: Ball
2-0: Called Strike
2-1: Foul Ball, location: 2F
2-2: Fly out, F9 (Flyball, 9LM)
Batting: SHB Jared Jefferson 0-0: Swinging Strike
0-1: Called Strike
0-2: Strikes out swinging
Batting: RHB Tripp Donahue 0-0: Called Strike
0-1: Fly out, F3 (Popup, 3F)
Top of the 6th over - 0 run(s), 0 hit(s), 0 error(s), 0 left on base; Springfield 1 - Yakima 5
BOTTOM OF THE 6TH
Yakima Hops batting - Pitching for Springfield Shooters : RHP Jim Unknown
Batting: RHB Ricardo Téllez 0-0: Ball
1-0: Swinging Strike
1-1: Swinging Strike
1-2: Ball
2-2: Ball
3-2: SINGLE (Line Drive, 56)
Batting: LHB Bryce Reilly 0-0: Ball
1-0: Sac Bunt - play at first, batter OUT! 2-3
Ricardo Téllez to second
Batting: RHB Edgar García 0-0: Called Strike
0-1: Foul Ball, location: 2F
0-2: Strikes out swinging
Batting: RHB Vicente Rodríguez 0-0: Fly out, F4 (Popup, 4D)
Bottom of the 6th over - 0 run(s), 1 hit(s), 0 error(s), 1 left on base; Springfield 1 - Yakima 5
TOP OF THE 7TH
Springfield Shooters batting - Pitching for Yakima Hops : RHP Curt Tate
Batting: SHB Eddie Ménard 0-0: Ball
1-0: Ground out U3 (Groundball, 3S)
Batting: RHB Frank Crocker 0-0: Ball
1-0: Foul Ball, location: 2F
1-1: Foul Ball, location: 2F
1-2: Strikes out swinging
Batting: RHB Luis Mendoza 0-0: Ground out 6-3 (Groundball, 6)
Top of the 7th over - 0 run(s), 0 hit(s), 0 error(s), 0 left on base; Springfield 1 - Yakima 5
BOTTOM OF THE 7TH
Yakima Hops batting - Pitching for Springfield Shooters : RHP Jim Unknown
Batting: RHB Mariano Sánchez 0-0: Foul Ball, location: 2F
0-1: Ball
1-1: Swinging Strike
1-2: Ball
2-2: Strikes out swinging
Batting: RHB Júlio Molina 0-0: Foul Ball, location: 2F
0-1: Fly out, F8 (Flyball, 8LM)
Batting: RHB José Vargas 0-0: Foul Ball, location: 2F
0-1: Ground out 6-3 (Groundball, 56)
Bottom of the 7th over - 0 run(s), 0 hit(s), 0 error(s), 0 left on base; Springfield 1 - Yakima 5
TOP OF THE 8TH
Springfield Shooters batting - Pitching for Yakima Hops : RHP Curt Tate
Batting: RHB Javier De Jesús 0-0: Foul Ball, location: 2F
0-1: Ball
1-1: Swinging Strike
1-2: Fly out, F7 (Flyball, 78M)
Batting: RHB David Abreu 0-0: Called Strike
0-1: Ball
1-1: Swinging Strike
1-2: Fly out, F8 (Line Drive, 8LXD)
Batting: LHB Chris Etheridge 0-0: Ball
1-0: Ball
2-0: Called Strike
2-1: Foul Ball, location: 2F
2-2: Ground out 6-3 (Groundball, 6M)
Top of the 8th over - 0 run(s), 0 hit(s), 0 error(s), 0 left on base; Springfield 1 - Yakima 5
BOTTOM OF THE 8TH
Yakima Hops batting - Pitching for Springfield Shooters : RHP Jim Unknown
Batting: SHB Albert Sánchez 0-0: Foul Ball, location: 2F
0-1: Ball
1-1: Ground out 4-3 (Groundball, 4)
Batting: RHB Abraham Jacobs 0-0: Called Strike
0-1: Ball
1-1: Foul Ball, location: 2F
1-2: Strikes out swinging
Batting: RHB Ricardo Téllez 0-0: Ball
1-0: Foul Ball, location: 2F
1-1: Swinging Strike
1-2: Ball
2-2: SINGLE (Line Drive, 8LS)
Pitching: LHP Jim Unknown
Batting: LHB Bryce Reilly 0-0: Foul Ball, location: 2F
0-1: Ball
1-1: Swinging Strike
1-2: Foul Ball, location: 2F
1-2: Fly out, F5 (Popup, 5S)
Bottom of the 8th over - 0 run(s), 1 hit(s), 0 error(s), 1 left on base; Springfield 1 - Yakima 5
TOP OF THE 9TH
Springfield Shooters batting - Pitching for Yakima Hops : RHP Curt Tate
Pitching: RHP Jim Unknown
Batting: RHB Roy Herring 0-0: Ball
1-0: Ball
2-0: Called Strike
2-1: Called Strike
2-2: Strikes out swinging
Batting: SHB Jared Jefferson 0-0: Called Strike
0-1: Foul Ball, location: 2F
0-2: Ball
1-2: Fly out, F8 (Flyball, 8LM)
Batting: RHB Tripp Donahue 0-0: Swinging Strike
0-1: Ball
1-1: Swinging Strike
1-2: Ball
2-2: Foul Ball, location: 2F
2-2: SINGLE (Flyball, 8RS)
Batting: SHB Eddie Ménard 0-0: Called Strike
0-1: Fly out, F7 (Flyball, 7S)
Top of the 9th over - 0 run(s), 1 hit(s), 0 error(s), 1 left on base; Springfield 1 - Yakima 5
This league is powered by Out of the Park Baseball, the baseball management simulation game for PC, Mac and Linux
Monday, October 3rd, 2016 - OOTP Baseball 16.9 Build 39